 Dungeon Crawl Stone Soup version 0.30-a0-587-gfd7c166f36 (webtiles) character file.

Game seed: 15259726118683776922

408 Citaku the Covered (level 6, -1/55 HPs)
             Began as a Minotaur Fighter on Jan 4, 2023.
             Was an Initiate of Wu Jian.
             Slain by Edmund
             ... wielding a +1 dire flail of protection
              (6 damage)
             ... on level 4 of the Dungeon.
             The game lasted 00:03:17 (1769 turns).

Citaku the Covered (Minotaur Fighter)               Turns: 1769, Time: 00:03:18

Health: -1/55      AC:  8    Str: 23    XL:     6   Next: 57%
Magic:  5/5        EV:  8    Int:  5    God:    Wu Jian [......]
Gold:   130        SH: 10    Dex:  9    Spells: 5/5 levels left

rFire   . . .      SeeInvis .    a - +0 war axe
rCold   . . .      Faith    .    g - +2 kite shield
rNeg    . . .      Spirit   .    b - +0 scale mail
rPois   .          Reflect  .    (helmet restricted)
rElec   .          Harm     .    h - +0 cloak
rCorr   .          Rampage  .    (no gloves)
Will    .....                    (no boots) Stlth
                                 (no amulet)
HPRegen 0.29/turn                (no ring)
MPRegen 0.09/turn                (no ring)

@: no status effects
A: horns 2, retaliatory headbutt
a: Renounce Religion


You were on level 4 of the Dungeon.
You worshipped Wu Jian.
Wu Jian was noncommittal.
You visited 1 branch of the dungeon, and saw 4 of its levels.

You collected 130 gold pieces.

Inventory:

Hand Weapons
 a - a +0 war axe (weapon)
Armour
 b - a +0 scale mail (worn)
 g - a +2 kite shield (worn)
 h - a +0 cloak (worn)
Wands
 k - a wand of flame (14)
Scrolls
 c - a scroll of amnesia {unknown}
 f - a scroll of identify {unknown}
 i - a scroll of teleportation {unknown}
Potions
 d - a potion of might
 e - a potion of brilliance {unknown}
 j - 3 potions of heal wounds {unknown}


   Skills:
 + Level 4.9 Fighting
 * Level 5.2 Axes
 * Level 6.0 Armour
 + Level 4.9 Shields


You had 5 spell levels left.
You didn't know any spells.
Your spell library contained the following spells:

 Spells                   Type           Power      Damage    Failure   Level
 Dazzling Flash           Conj/Hex       0%         N/A       100%        3
 Iskenderun's Mystic Bla  Conj/Tloc      0%         2d3       100%        4
 Starburst                Conj/Fire      0%         6d3       100%        6


Dungeon Overview and Level Annotations

Branches:
Dungeon (4/15)
 Temple: D:4-7

Altars:
Wu Jian

Annotations:
D:4 Edmund


Innate Abilities, Weirdness & Mutations

You have a pair of horns on your head.
You reflexively headbutt those who attack you in melee.


Message History

Edmund is moderately wounded.
You block Edmund's attack. Edmund barely misses you.
You barely miss Edmund. Your headbutt misses Edmund.
Edmund is moderately wounded.
Edmund completely misses you.
You hit Edmund but do no damage.
Edmund is moderately wounded.
Edmund hits you but does no damage.
You barely miss Edmund.
Edmund is moderately wounded.
Edmund barely misses you. You furiously retaliate!
You headbutt Edmund.
Edmund hits you with a +1 dire flail of protection!
You closely miss Edmund.
Edmund is heavily wounded.
Edmund hits you with a +1 dire flail of protection.
You barely miss Edmund.
Edmund is heavily wounded.
Edmund hits you with a +1 dire flail of protection!
* * * LOW HITPOINT WARNING * * *
Edmund closely misses you.
You barely miss Edmund.
Edmund is heavily wounded.
You block Edmund's attack.
You hit Edmund but do no damage. You headbutt Edmund, but do no damage.
Edmund is heavily wounded.
You block Edmund's attack. Edmund closely misses you. You furiously retaliate!
You headbutt Edmund. You hit Edmund but do no damage. You headbutt Edmund.
Edmund is severely wounded.
Edmund hits you with a +1 dire flail of protection!
* * * LOW HITPOINT WARNING * * *
You slash Edmund! Your headbutt misses Edmund.
Edmund is almost dead.
You block Edmund's attack.
You barely miss Edmund.
Edmund is almost dead.
Edmund hits you with a +1 dire flail of protection.
* * * LOW HITPOINT WARNING * * *
Edmund hits you with a +1 dire flail of protection.
You die...

.. <......
......#.#
#.#.....####
#..........# .
#.#.#.......
...#.....#..####
......[.........
#.#.#.<†....#..
........@@......
#....#.#.#..#..#
#... #.#.#..# .
#.. #.#.# .# ..
..... .. # ###.#
## #.# #.#


You could see Edmund.

Vanquished Creatures
  Grinder (D:3)
  A scorpion (D:3)
  Crazy Yiuf (D:2)
  Jessica (D:2)
  Natasha (twice) (D:3)
  2 adders (D:3)
  2 dart slugs (D:2)
  An orc (D:3)
  3 endoplasms
  2 giant cockroaches
  2 goblins (D:2)
  3 hobgoblins
  3 jackals (D:2)
  2 kobolds
  A quokka (D:4)
  2 ball pythons
  A bat (D:2)
  3 frilled lizards
  5 rats
38 creatures vanquished.

Notes
Turn   | Place    | Note
-------+----------+-------------------------------------------
     0 | D:1      | Citaku the Minotaur Fighter began the quest for the Orb.
     0 | D:1      | Reached XP level 1. HP: 19/19 MP: 0/0
   115 | D:1      | You fall into a shaft and drop 1 floor!
   159 | D:2      | Found a faded altar of an unknown god.
   180 | D:2      | Reached XP level 2. HP: 27/27 MP: 1/1
   246 | D:2      | Reached skill level 4 in Armour
   323 | D:2      | Found a runed translucent door.
   324 | D:2      | Noticed Crazy Yiuf
   398 | D:2      | Killed Crazy Yiuf
   399 | D:2      | Reached XP level 3. HP: 7/33 MP: 2/2
   646 | D:2      | Noticed Jessica
   652 | D:2      | Killed Jessica
   653 | D:2      | Reached XP level 4. HP: 34/40 MP: 3/3
  1007 | D:3      | Noticed Grinder
  1007 | D:3      | Paralysed by Grinder for 3 turns
  1014 | D:3      | Paralysed by Grinder for 5 turns
  1033 | D:3      | Killed Grinder
  1034 | D:3      | Reached skill level 5 in Armour
  1034 | D:3      | Reached XP level 5. HP: 22/47 MP: 4/4
  1034 | D:3      | Reached XP level 6. HP: 25/53 MP: 5/5
  1138 | D:3      | Found an ornate altar of the Wu Jian Council.
  1160 | D:3      | Reached skill level 5 in Axes
  1207 | D:3      | Became a worshipper of the Wu Jian Council
  1466 | D:3      | Noticed Natasha
  1471 | D:3      | Killed Natasha
  1597 | D:3      | Noticed Natasha
  1607 | D:3      | Killed Natasha
  1608 | D:3      | Reached skill level 6 in Armour
  1747 | D:4      | Noticed Edmund
  1769 | D:4      | Slain by Edmund

Illustrated notes

Levels and vault maps discovered:
D:1:      lightli_arrival_maybe_door_vault, layout_basic
D:2:      layout_rooms, shapermc_ecumenical_altar_venn,
          wander_ebering_terrifying_dragon_lair, uniq_crazy_yiuf_cottage,
          uniq_jessica
D:3:      layout_loops_ring, lemuel_doored_altar, small_statue_intersection,
          kennysheep_generic_room_5, uniq_grinder, uniq_natasha
D:4:      layout_basic, demons_altar, uniq_edmund, uniq_eustachio

Skill      XL: |  1  2  3  4  5  6 |
---------------+-------------------+-----
Axes           | 3 4 5 |  5.2
Armour         | 4 5 6 |  6.0
Shields        | 4 |  4.9
Fighting       | 4 |  4.9

Action                   |  1- 3 |  4- 6 || total
-------------------------+-------+-------++-------
Melee: War axe           |    43 |    66 ||   109
       Headbutt          |     3 |    10 ||    13
Invok: Lunge             |       |     2 ||     2
  Use: Potion            |     1 |     2 ||     3
Armor: Scale mail        |    23 |    22 ||    45
Dodge: Dodged            |    15 |    21 ||    36
Block: Buckler           |     2 |       ||     2
       Kite shield       |    12 |    32 ||    44

Table legend: (Time is in decaauts)
 A = Elapsed time spent in this place.
 B = Non-inter-level travel time spent in this place.
 C = Inter-level travel time spent in this place.
 D = Time resting spent in this place.
 E = Time spent auto-exploring this place.
 F = Levels seen in this place.
 G = Mean time per level.
                   A        B        C        D        E       F      G
               +--------+--------+--------+--------+--------+-----+--------+
         Total |   1816 |   1816 |      0 |      3 |   1316 |   4 |  454.0 |
       Dungeon |   1816 |   1816 |      0 |      3 |   1316 |   4 |  454.0 |
               +--------+--------+--------+--------+--------+-----+--------+

Top non-repeatable levels by time:
     D:3: 832 daAuts
     D:2: 831 daAuts
     D:1: 121 daAuts
     D:4: 29 daAuts
